Map: 2000 Atmospheres LE

Players

StonksGoUp

  • Race: Protoss Protoss
  • League: Diamond
  • Spawn Location: 7:00

Pumba - Winner!

  • Race: Protoss Protoss
  • League: Diamond
  • Spawn Location: 3:00

VOD

Have the link to the VOD?

Description

Time

  • Played on: Feb. 15, 2022, 6:12 p.m.
  • Length: 5:52
Show
View Real Time Build Order
Export as new Build Order

StonksGoUp Protoss 

Build Orders:  

Get SALT Encoding   

  12  0:00  Probe (Chrono Boost)  
  13  0:10  Probe (Chrono Boost)  
  14  0:16  Probe  
  15  0:25  Pylon  
  15  0:39  Pylon  
  15  0:46  Probe  
  16  0:58  Gateway  
  16  1:00  Gateway  
  16  1:10  Gateway  
  16  1:13  Probe  
  17  1:35  Gateway  
  17  1:47  Zealot x2  
  21  1:57  Assimilator  
  21  2:00  Cybernetics Core, Assimilator  
  21  2:04  Probe  
  22  2:20  Probe  
  23  2:32  Probe  
  23  2:37  Warp Gate (Chrono Boost)  
  24  2:40  Pylon  
  24  2:44  Probe  
  24  2:49  Stalker  
  27  2:56  Probe  
  28  3:07  Stalker  
  28  3:08  Probe  
  28  3:09  Stalker  
  33  3:13  Shield Battery  
  33  3:25  Pylon  
  33  3:33  Stalker  
  35  3:45  Shield Battery  
  35  3:55  Stalker  
  31  4:14  Shield Battery  
  31  4:16  Pylon  
  31  4:18  Stalker x2  
  31  4:22  Sentry  
  37  4:38  Sentry  
  39  4:43  Shield Battery  
  39  4:45  Zealot  
  39  4:46  Zealot  
  39  4:49  Sentry  
  36  5:16  Stalker x2  
Show
View Real Time Build Order
Export as new Build Order

Pumba Protoss - Winner!

Build Orders:  

Get SALT Encoding   

  12  0:00  Probe  
  13  0:17  Probe  
  13  0:19  Pylon  
  14  0:29  Probe (Chrono Boost)  
  15  0:42  Probe (Chrono Boost), Gateway  
  16  0:48  Probe (Chrono Boost)  
  17  0:52  Assimilator  
  17  0:56  Probe (Chrono Boost)  
  18  0:59  Assimilator  
  18  1:08  Probe (Chrono Boost)  
  19  1:14  Probe (Chrono Boost)  
  19  1:15  Gateway  
  20  1:22  Probe  
  21  1:31  Forge  
  21  1:32  Pylon  
  21  1:41  Probe  
  22  1:56  Cybernetics Core  
  22  2:01  Probe  
  22  2:04  Photon Cannon  
  23  2:26  Probe  
  24  2:32  Warp Gate (Chrono Boost)  
  24  2:39  Stalker x2  
  24  2:43  Probe  
  29  2:47  Robotics Facility  
  29  3:00  Pylon  
  29  3:16  Probe  
  29  3:18  Stalker x2  
  34  3:30  Gateway  
  34  3:31  Pylon  
  34  3:32  Immortal (Chrono Boost)  
  37  3:47  Shield Battery  
  31  4:16  Stalker x2  
  35  4:21  Immortal (Chrono Boost)  
  39  4:30  Pylon  
  39  4:36  Shield Battery  
  39  4:43  Adept x3  
  45  4:51  Pylon  
  45  5:07  Warp Prism  
  45  5:10  Zealot  
Tags
 
Add a new tag
Caveats
  • Supply blocks, unpowered buildings, or Contaminate may cause inaccurate times.
  • Supply counts are checked every 10 seconds.